Bruins vs Griffins

Created - Monday, December 01, 2014 at 21:35

Goals
1 2 3 T
Bruins 0 0 1 1
Griffins 0 1 2 3
Shots
1 2 3 T
Bruins 9 5 11 25
Griffins 6 9 21 36

1st period

No Goal

Penalties :
Zenon Konopka (GRG) for Fighting (Major) at 0:05, Derek Dorsett (Pro) for Fighting (Major) at 0:05, Brandon Manning (Pro) for Roughing (Minor) at 6:42, Matt Marquardt (GRG) for Fighting (Major) at 10:19, Raman Hrabarenka (Pro) for Fighting (Major) at 10:19, Conor Allen (Pro) for Interference (Minor) at 11:04

2nd period

1. Griffins , Zenon Konopka 5 (Adam Clendening, John Albert) at 14:44 (SH)

Penalties :
Patrick Bordeleau (Pro) for Holding (Minor) at 2:00, David Musil (GRG) for Interference (Minor) at 14:25

3rd period

2. Bruins , Jim Slater 2 (Magnus Nygren, Jake Newton) at 4:12
3. Griffins , John Albert 9 (Adam Clendening, Paul Thompson) at 4:33 (PP)
4. Griffins , Adam Clendening 3 (David Musil, John Albert) at 17:41 (PP)

Penalties :
Zenon Konopka (GRG) for Fighting (Major) at 0:22, Derek Dorsett (Pro) for Fighting (Major) at 0:22, Zenon Konopka (GRG) for instigated a fight (Minor) at 0:22, Zenon Konopka (GRG) for instigated a fight (10 Minutes Misconduct) at 0:22, Kellan Lain (GRG) for Fighting (Major) at 4:15, Dmitry Korobov (Pro) for Fighting (Major) at 4:15, Dmitry Korobov (Pro) for instigated a fight (Minor) at 4:15, Dmitry Korobov (Pro) for instigated a fight (10 Minutes Misconduct) at 4:15, Brandon Manning (Pro) for Hooking (Minor) at 5:33, Patrick Cehlin (Pro) for Holding (Minor) at 8:06, Patrick Bordeleau (Pro) for Holding (Minor) at 17:26

Goalie Stats

Carsen Chubak (Pro), 33 saves from 36 shots - (0.917), L, 0-1-0, 60:00 minutes
Jeff Deslauriers (GRG), 24 saves from 25 shots - (0.960), W, 13-6-1, 60:00 minutes

Players Stats for Bruins

Player Name              G  A  P  +/- PIM S  H  SB GA TA FO     MP     PP MP  PK MP  
------------------------------------------------------------------------------------
Anton Lander             0  0  0   1  0   0  0  2  2  1  1/3    20:21   2:24   5:53 
Brandon Alderson         0  0  0   0  0   3  0  0  2  0  0/0     9:34   0:00   0:07 
Brandon Manning          0  0  0  -1  4   1  2  1  0  1  0/0    19:56   0:48   2:49 
Buddy Robinson           0  0  0   1  0   4  1  1  0  0  0/0    11:49   0:00   0:00 
Conor Allen              0  0  0   0  2   0  0  2  0  3  0/0    26:46   3:09   4:36 
Derek Dorsett            0  0  0   0  10  3  4  0  4  1  0/0    13:06   1:01   3:04 
Dmitry Korobov           0  0  0   0  17  1  2  1  0  2  0/0    18:24   3:09   2:14 
Jake Newton              0  1  1   1  0   0  0  0  0  0  0/0    17:03   0:00   5:12 
Jim Slater               1  0  1   1  0   2  1  1  4  0  12/22  20:21   2:24   5:53 
Kael Mouillierat         0  0  0  -1  0   2  2  0  0  1  7/12   13:58   1:33   0:00 
Magnus Nygren            0  1  1   1  0   1  0  2  0  1  0/0    18:39   0:00   1:43 
Marc Hagel               0  0  0   0  0   1  0  0  0  0  0/0     9:27   0:00   0:00 
Patrick Bordeleau        0  0  0  -1  4   4  4  1  3  0  0/1    17:21   1:33   3:04 
Patrick Cehlin           0  0  0   0  2   2  1  0  1  0  0/0    11:26   0:00   0:00 
Raman Hrabarenka         0  0  0  -1  5   0  3  1  1  2  0/0    19:57   0:48   4:22 
Scott Timmins            0  0  0   0  0   0  1  0  1  0  1/2    11:30   0:00   1:31 
Simon Moser              0  0  0  -1  0   0  1  0  0  0  0/1    16:01   1:33   1:31 
Tim Sestito              0  0  0   0  0   1  1  0  0  1  2/6    13:45   1:23   0:00 

Players Stats for Griffins

Player Name              G  A  P  +/- PIM S  H  SB GA TA FO     MP     PP MP  PK MP  
------------------------------------------------------------------------------------
Adam Clendening          1  2  3   0  0   7  1  0  3  3  0/0    23:25   6:22   2:56 
Alexander Sulzer         0  0  0   1  0   4  0  0  1  1  0/0    17:22   3:26   2:03 
Ben Eager                0  0  0   0  0   2  1  0  1  0  1/2    20:15   4:39   0:17 
Brad Hunt                0  0  0   0  0   0  0  1  0  3  0/0    18:07   3:47   1:01 
Daniel New               0  0  0  -1  0   2  0  3  0  1  0/0    13:58   0:00   0:53 
David Musil              0  1  1   0  2   0  0  1  0  0  0/0    18:57   2:03   0:00 
Derek Meech              0  0  0   0  0   2  0  0  0  0  0/0    20:12   4:59   1:01 
Douglas Murray           0  0  0   0  0   4  1  1  0  2  0/0     8:45   0:19   0:00 
John Albert              1  2  3   1  0   4  0  0  3  1  1/2    22:05   4:58   3:31 
John McFarland           0  0  0   0  0   0  0  0  0  0  0/0     0:00   0:00   0:00 
Jordan Owens             0  0  0   0  0   1  0  0  1  0  0/1    11:49   0:00   0:00 
Kellan Lain              0  0  0   0  5   1  2  0  0  0  5/6    16:38   0:06   2:17 
Mark Mancari             0  0  0  -1  0   1  2  0  2  0  0/1    19:54   5:01   0:00 
Matt Marquardt           0  0  0  -1  5   0  0  0  0  0  6/12   19:29   4:23   0:27 
Mike Angelidis           0  0  0  -1  0   1  0  2  0  0  0/0    19:54   4:39   0:00 
Paul Thompson            0  1  1   0  0   1  1  0  0  0  3/7    17:38   3:16   0:00 
Stephane Veilleux        0  0  0   0  0   4  0  2  3  0  1/3    11:35   1:12   0:00 
Zenon Konopka            1  0  1   1  22  2  2  0  3  1  7/13   15:50   3:10   1:22 

3 Stars

1 - John Albert (GRG)
2 - Adam Clendening (GRG)
3 - Jeff Deslauriers (GRG)

Power Play

Bruins - 0 on 2 Attempt(s) - 0.00%
Griffins - 2 on 7 Attempt(s) - 28.57%

Penalty Kill

Bruins - 5 on 7 Attempt(s) - 71.43% - Score 0 goal in Penalty Kill
Griffins - 2 on 2 Attempt(s) - 100.00% - Score 1 goal in Penalty Kill

Official

Referees : Unknown
Linesman : Unknown

Game Notes

Derek Dorsett beats up Zenon Konopka at 0:05 of 1st period
Matt Marquardt beats up Raman Hrabarenka at 10:19 of 1st period
Zenon Konopka and Derek Dorsett fight to a draw at 0:22 of 3rd period
Alexander Sulzer is injured at 1:16 of 3rd period (Bruised Right Leg)
Dmitry Korobov beats up Kellan Lain at 4:15 of 3rd period

Finance

Level 1 -- Attendance: 1350 (67.50%) -- Ticket Income $47,250
Level 2 -- Attendance: 819 (81.90%) -- Ticket Income $12,285
Total Attendance: 2169 (72.30%)
Total Ticket Income: $59,535
Other Income: $29,172
Total Income: $88,707

Bruins

5 vs 5 Forward 
   Center                   Left Wing                Right Wing               Time % Phy DF OF 
 1 Jim Slater               Anton Lander             Derek Dorsett            35     1   2  2  
 2 Kael Mouillierat         Patrick Bordeleau        Simon Moser              30     1   2  2  
 3 Tim Sestito              Patrick Cehlin           Buddy Robinson           22     1   2  2  
 4 Scott Timmins            Marc Hagel               Brandon Alderson         13     1   2  2  

5 vs 5 Defense 
   Defense                  Defense                                           Time % Phy DF OF 
 1 Dmitry Korobov           Conor Allen                                       35     1   2  2  
 2 Raman Hrabarenka         Brandon Manning                                   30     1   2  2  
 3 Magnus Nygren            Jake Newton                                       22     1   2  2  
 4 Dmitry Korobov           Conor Allen                                       13     1   2  2  

PowerPlay Forward 
   Center                   Left Wing                Right Wing               Time % Phy DF OF 
 1 Jim Slater               Anton Lander             Derek Dorsett            60     1   2  2  
 2 Kael Mouillierat         Patrick Bordeleau        Simon Moser              40     1   2  2  

PowerPlay Defense
   Defense                  Defense                                           Time % Phy DF OF 
 1 Dmitry Korobov           Conor Allen                                       60     1   2  2  
 2 Raman Hrabarenka         Brandon Manning                                   40     1   2  2  

Penalty Kill 4 Players Forward 
   Center                   Wing                     Time % Phy DF OF 
 1 Jim Slater               Anton Lander             60     1   2  2  
 2 Derek Dorsett            Patrick Bordeleau        40     1   2  2  

Penalty Kill 4 Players Defense
   Defense                  Defense                  Time % Phy DF OF 
 1 Dmitry Korobov           Conor Allen              60     1   2  2  
 2 Raman Hrabarenka         Brandon Manning          40     1   2  2  

Penalty Kill - 3 Players Forward 
   Forward                                           Time % Phy DF OF 
 1 Jim Slater                                        60     1   2  2  
 2 Anton Lander                                      40     1   2  2  

Penalty Kill - 3 Players Defense
   Defense                  Defense                  Time % Phy DF OF 
 1 Dmitry Korobov           Conor Allen              60     1   2  2  
 2 Raman Hrabarenka         Brandon Manning          40     1   2  2  

4 vs 4 Forward 
   Center                   Wing                     Time % Phy DF OF 
 1 Jim Slater               Anton Lander             60     1   2  2  
 2 Derek Dorsett            Patrick Bordeleau        40     1   2  2  

4 vs 4 Defense
   Defense                  Defense                  Time % Phy DF OF 
 1 Dmitry Korobov           Conor Allen              60     1   2  2  
 2 Raman Hrabarenka         Brandon Manning          40     1   2  2  

Last Minutes Offensive
   Center                   Left Wing                Right Wing               Defense                  Defense                  
   Jim Slater               Anton Lander             Derek Dorsett            Dmitry Korobov           Conor Allen              

Last Minutes Defensive
   Center                   Left Wing                Right Wing               Defense                  Defense                  
   Jim Slater               Anton Lander             Derek Dorsett            Dmitry Korobov           Conor Allen              

Goaltenders
Starting : Carsen Chubak            
Backup : Philipp Grubauer         

Extra Forwards
Normal : Tim Sestito, Buddy Robinson, Scott Timmins - PP : Tim Sestito, Buddy Robinson - PK : Scott Timmins
Extra Defensemen
Normal : Magnus Nygren, Jake Newton, Raman Hrabarenka - PP : Magnus Nygren - PK : Jake Newton, Raman Hrabarenka
Penalty Shots
Jim Slater, Anton Lander, Derek Dorsett, Patrick Bordeleau, Kael Mouillierat

Griffins

5 vs 5 Forward 
   Center                   Left Wing                Right Wing               Time % Phy DF OF 
 1 Zenon Konopka            John Albert              Ben Eager                35     1   2  2  
 2 Matt Marquardt           Mike Angelidis           Mark Mancari             30     1   2  2  
 3 Kellan Lain              Jordan Owens             Zenon Konopka            22     1   2  2  
 4 Stephane Veilleux        Zenon Konopka            Paul Thompson            13     1   2  2  

5 vs 5 Defense 
   Defense                  Defense                                           Time % Phy DF OF 
 1 Alexander Sulzer         Adam Clendening                                   35     1   2  2  
 2 Brad Hunt                Derek Meech                                       30     1   2  2  
 3 David Musil              Daniel New                                        22     1   2  2  
 4 Douglas Murray           Alexander Sulzer                                  13     1   2  2  

PowerPlay Forward 
   Center                   Left Wing                Right Wing               Time % Phy DF OF 
 1 Zenon Konopka            John Albert              Ben Eager                60     1   2  2  
 2 Matt Marquardt           Mike Angelidis           Mark Mancari             40     1   2  2  

PowerPlay Defense
   Defense                  Defense                                           Time % Phy DF OF 
 1 Alexander Sulzer         Adam Clendening                                   60     1   2  2  
 2 Brad Hunt                Derek Meech                                       40     1   2  2  

Penalty Kill 4 Players Forward 
   Center                   Wing                     Time % Phy DF OF 
 1 Zenon Konopka            John Albert              60     1   2  2  
 2 Ben Eager                Mark Mancari             40     1   2  2  

Penalty Kill 4 Players Defense
   Defense                  Defense                  Time % Phy DF OF 
 1 Alexander Sulzer         Adam Clendening          60     1   2  2  
 2 Brad Hunt                Derek Meech              40     1   2  2  

Penalty Kill - 3 Players Forward 
   Forward                                           Time % Phy DF OF 
 1 Zenon Konopka                                     60     1   2  2  
 2 John Albert                                       40     1   2  2  

Penalty Kill - 3 Players Defense
   Defense                  Defense                  Time % Phy DF OF 
 1 Alexander Sulzer         Adam Clendening          60     1   2  2  
 2 Brad Hunt                Derek Meech              40     1   2  2  

4 vs 4 Forward 
   Center                   Wing                     Time % Phy DF OF 
 1 Zenon Konopka            John Albert              60     1   2  2  
 2 Ben Eager                Mark Mancari             40     1   2  2  

4 vs 4 Defense
   Defense                  Defense                  Time % Phy DF OF 
 1 Alexander Sulzer         Adam Clendening          60     1   2  2  
 2 Brad Hunt                Derek Meech              40     1   2  2  

Last Minutes Offensive
   Center                   Left Wing                Right Wing               Defense                  Defense                  
   Zenon Konopka            John Albert              Ben Eager                Alexander Sulzer         Adam Clendening          

Last Minutes Defensive
   Center                   Left Wing                Right Wing               Defense                  Defense                  
   Zenon Konopka            John Albert              Ben Eager                Alexander Sulzer         Adam Clendening          

Goaltenders
Starting : Jeff Deslauriers         
Backup : Joe Cannata              

Extra Forwards
Normal : Zenon Konopka, Paul Thompson, Kellan Lain - PP : Zenon Konopka, Paul Thompson - PK : Kellan Lain
Extra Defensemen
Normal : David Musil, Daniel New, Alexander Sulzer - PP : David Musil - PK : Daniel New, Alexander Sulzer
Penalty Shots
Zenon Konopka, John Albert, Ben Eager, Mark Mancari, Paul Thompson

% Time on Ice - Bruins

Lines # - Real PCT - Wanted PCT - Time Play
Normal Forward
1 - 28% - 35% - 12:36
2 - 28% - 30% - 12:36
3 - 24% - 22% - 10:55
4 - 21% - 13% - 9:27
Normal Defense
1 - 33% - 35% - 15:15
2 - 34% - 30% - 15:37
3 - 23% - 22% - 10:17
4 - 10% - 13% - 4:25
PP Forward
1 - 61% - 60% - 2:24
2 - 39% - 40% - 1:34
PP Defense
1 - 80% - 60% - 3:10
2 - 20% - 40% - 0:48
PK Forward
1 - 71% - 60% - 7:24
2 - 29% - 40% - 3:04
PK Defense
1 - 51% - 60% - 5:19
2 - 49% - 40% - 5:09
PK3 Forward
1 - 0% - 60%
2 - 0% - 40%
PK3 Defense
1 - 0% - 60%
2 - 0% - 40%
44 Forward
1 - 0% - 60%
2 - 0% - 40%
44 Defense
1 - 0% - 60%
2 - 0% - 40%
Last Minute Offensive  - 0:00
Last Minute Defensive  - 0:00
Total
Forward - 60:00
Defense - 60:00

% Time on Ice - Griffins

Lines # - Real PCT - Wanted PCT - Time Play
Normal Forward
1 - 24% - 35% - 10:51
2 - 33% - 30% - 15:15
3 - 25% - 22% - 11:27
4 - 18% - 13% - 8:01
Normal Defense
1 - 31% - 35% - 14:17
2 - 29% - 30% - 13:19
3 - 21% - 22% - 9:42
4 - 18% - 13% - 8:16
PP Forward
1 - 56% - 60% - 5:49
2 - 44% - 40% - 4:39
PP Defense
1 - 64% - 60% - 6:41
2 - 36% - 40% - 3:47
PK Forward
1 - 100% - 60% - 3:58
2 - 0% - 40% - 0:00
PK Defense
1 - 74% - 60% - 2:57
2 - 26% - 40% - 1:01
PK3 Forward
1 - 0% - 60%
2 - 0% - 40%
PK3 Defense
1 - 0% - 60%
2 - 0% - 40%
44 Forward
1 - 0% - 60%
2 - 0% - 40%
44 Defense
1 - 0% - 60%
2 - 0% - 40%
Last Minute Offensive  - 0:00
Last Minute Defensive  - 0:00
Total
Forward - 60:00
Defense - 60:00

Play by Play

1st period


0:01 of 1st period - Anton Lander wins face-off versus Zenon Konopka in neutral zone.
0:04 of 1st period - Snap shot by Derek Dorsett.
0:04 of 1st period - Stopped by Jeff Deslauriers with a rebound.
0:05 of 1st period - Derek Dorsett beats up Zenon Konopka.
0:05 of 1st period - Penalty to Zenon Konopka for Fighting.
0:05 of 1st period - Penalty to Derek Dorsett for Fighting.
0:06 of 1st period - Matt Marquardt wins face-off versus Patrick Bordeleau in Griffins zone.
0:55 of 1st period - Wrist shot by John Albert.
0:55 of 1st period - Shot Misses the Net.
1:20 of 1st period - David Musil is hit by Jim Slater and loses puck.
1:39 of 1st period - Adam Clendening is hit by Raman Hrabarenka and loses puck.
3:58 of 1st period - Conor Allen is hit by Douglas Murray and loses puck.
4:37 of 1st period - Derek Meech is hit by Patrick Bordeleau and loses puck.
4:44 of 1st period - Wrist shot by Simon Moser.
4:44 of 1st period - Shot Blocked by Stephane Veilleux.
4:46 of 1st period - Slapshot by Dmitry Korobov.
4:46 of 1st period - Stopped by Jeff Deslauriers without a rebound.
4:47 of 1st period - Kael Mouillierat wins face-off versus Matt Marquardt in Griffins zone.
5:30 of 1st period - Zenon Konopka is hit by Tim Sestito and loses puck.
5:39 of 1st period - Jake Newton is hit by Zenon Konopka and loses puck.
5:52 of 1st period - Slapshot by Alexander Sulzer.
5:52 of 1st period - Shot Misses the Net.
6:42 of 1st period - Minor Penalty to Brandon Manning for Roughing.
6:43 of 1st period - Jim Slater wins face-off versus Matt Marquardt in Bruins zone.
6:57 of 1st period - Backhand shot by Anton Lander.
6:57 of 1st period - Shot Misses the Net.
7:49 of 1st period - Jake Newton is hit by Ben Eager and loses puck.
8:42 of 1st period - Penalty to Brandon Manning is over, Brandon Manning is back on ice.
8:46 of 1st period - Zenon Konopka is hit by Derek Dorsett and loses puck.
9:01 of 1st period - Brandon Alderson is hit by Zenon Konopka and loses puck.
9:16 of 1st period - Snap shot by Jordan Owens.
9:16 of 1st period - Shot Blocked by Dmitry Korobov.
9:18 of 1st period - Snap shot by Paul Thompson.
9:18 of 1st period - Deflect By Scott Timmins.
9:18 of 1st period - Stopped by Carsen Chubak with a rebound.
9:20 of 1st period - Slapshot by Daniel New.
9:20 of 1st period - Deflect By Kellan Lain.
9:20 of 1st period - Shot Misses the Net.
9:20 of 1st period - Puck is out of play.
9:21 of 1st period - Kael Mouillierat wins face-off versus Paul Thompson in Bruins zone.
9:30 of 1st period - Slapshot by Patrick Bordeleau.
9:30 of 1st period - Stopped by Jeff Deslauriers without a rebound.
9:31 of 1st period - Kael Mouillierat wins face-off versus Zenon Konopka in Griffins zone.
10:19 of 1st period - Matt Marquardt beats up Raman Hrabarenka.
10:19 of 1st period - Penalty to Matt Marquardt for Fighting.
10:19 of 1st period - Penalty to Raman Hrabarenka for Fighting.
10:20 of 1st period - Jim Slater wins face-off versus Paul Thompson in neutral zone.
10:23 of 1st period - Derek Meech is hit by Derek Dorsett and loses puck.
10:44 of 1st period - Snap shot by Jim Slater.
10:44 of 1st period - Stopped by Jeff Deslauriers with a rebound.
11:04 of 1st period - Minor Penalty to Conor Allen for Interference.
11:05 of 1st period - Zenon Konopka wins face-off versus Jim Slater in Bruins zone.
11:45 of 1st period - Off-side.
11:46 of 1st period - Paul Thompson wins face-off versus Jim Slater in neutral zone.
11:49 of 1st period - Slapshot by Brad Hunt.
11:49 of 1st period - Deflect By Mark Mancari.
11:49 of 1st period - Shot Misses the Net.
11:49 of 1st period - Puck is out of play.
11:50 of 1st period - Jim Slater wins face-off versus Paul Thompson in Bruins zone.
12:52 of 1st period - Snap shot by Alexander Sulzer.
12:52 of 1st period - Stopped by Carsen Chubak with a rebound.
13:04 of 1st period - Penalty to Conor Allen is over, Conor Allen is back on ice.
13:12 of 1st period - Slapshot by Adam Clendening.
13:12 of 1st period - Stopped by Carsen Chubak with a rebound.
13:14 of 1st period - Backhand shot by Alexander Sulzer.
13:14 of 1st period - Shot Blocked by Magnus Nygren.
13:32 of 1st period - Wrist shot by Kellan Lain.
13:32 of 1st period - Shot Misses the Net.
14:47 of 1st period - Slapshot by Brandon Alderson.
14:47 of 1st period - Stopped by Jeff Deslauriers with a rebound.
14:49 of 1st period - Snap shot by Brandon Alderson.
14:49 of 1st period - Stopped by Jeff Deslauriers without a rebound.
14:50 of 1st period - Kellan Lain wins face-off versus Kael Mouillierat in Griffins zone.
14:55 of 1st period - Slapshot by Alexander Sulzer.
14:55 of 1st period - Shot Blocked by Patrick Bordeleau.
14:57 of 1st period - Slapshot by Alexander Sulzer.
14:57 of 1st period - Stopped by Carsen Chubak with a rebound.
15:07 of 1st period - Snap shot by Kael Mouillierat.
15:07 of 1st period - Stopped by Jeff Deslauriers with a rebound.
16:05 of 1st period - Slapshot by Magnus Nygren.
16:05 of 1st period - Shot Misses the Net.
16:07 of 1st period - Snap shot by Marc Hagel.
16:07 of 1st period - Shot Misses the Net.
16:09 of 1st period - Wrist shot by Marc Hagel.
16:09 of 1st period - Shot Blocked by Douglas Murray.
16:39 of 1st period - Wrist shot by Stephane Veilleux.
16:39 of 1st period - Stopped by Carsen Chubak without a rebound.
16:40 of 1st period - Paul Thompson wins face-off versus Tim Sestito in Bruins zone.
16:55 of 1st period - Backhand shot by Jake Newton.
16:55 of 1st period - Shot Misses the Net.
17:24 of 1st period - Wrist shot by Jim Slater.
17:24 of 1st period - Shot Misses the Net.
17:36 of 1st period - Slapshot by Jim Slater.
17:36 of 1st period - Shot Misses the Net.
17:38 of 1st period - Snap shot by Magnus Nygren.
17:38 of 1st period - Deflect By Brad Hunt.
17:38 of 1st period - Stopped by Jeff Deslauriers with a rebound.
18:20 of 1st period - Raman Hrabarenka is hit by Kellan Lain and loses puck.
18:25 of 1st period - Snap shot by Stephane Veilleux.
18:25 of 1st period - Stopped by Carsen Chubak without a rebound.
18:26 of 1st period - Stephane Veilleux wins face-off versus Kael Mouillierat in Bruins zone.
19:10 of 1st period - Slapshot by Buddy Robinson.
19:10 of 1st period - Stopped by Jeff Deslauriers without a rebound.
19:11 of 1st period - Tim Sestito wins face-off versus Zenon Konopka in Griffins zone.
19:31 of 1st period - Zenon Konopka is hit by Brandon Manning and loses puck.
Goals for this period are 0 for Bruins vs 0 for Griffins.
Shots for this period are 9 for Bruins vs 6 for Griffins.

2nd period


0:01 of 2nd period - Jim Slater wins face-off versus Zenon Konopka in neutral zone.
0:37 of 2nd period - Slapshot by Alexander Sulzer.
0:37 of 2nd period - Stopped by Carsen Chubak with a rebound.
1:36 of 2nd period - Brad Hunt is hit by Dmitry Korobov and loses puck.
1:51 of 2nd period - Daniel New is hit by Patrick Bordeleau and loses puck.
2:00 of 2nd period - Minor Penalty to Patrick Bordeleau for Holding.
2:01 of 2nd period - Jim Slater wins face-off versus Zenon Konopka in Bruins zone.
2:44 of 2nd period - Scott Timmins is hit by Mark Mancari.
2:54 of 2nd period - Snap shot by Mark Mancari.
2:54 of 2nd period - Shot Misses the Net.
2:56 of 2nd period - Wrist shot by Mike Angelidis.
2:56 of 2nd period - Stopped by Carsen Chubak without a rebound.
2:57 of 2nd period - Zenon Konopka wins face-off versus Jim Slater in Bruins zone.
3:16 of 2nd period - Snap shot by Ben Eager.
3:16 of 2nd period - Stopped by Carsen Chubak without a rebound.
3:17 of 2nd period - Jim Slater wins face-off versus John Albert in Bruins zone.
3:27 of 2nd period - Icing by Alexander Sulzer.
3:28 of 2nd period - Zenon Konopka wins face-off versus Scott Timmins in Griffins zone.
3:41 of 2nd period - Slapshot by Adam Clendening.
3:41 of 2nd period - Stopped by Carsen Chubak with a rebound.
3:43 of 2nd period - Slapshot by Alexander Sulzer.
3:43 of 2nd period - Shot Misses the Net.
3:45 of 2nd period - Slapshot by Alexander Sulzer.
3:45 of 2nd period - Stopped by Carsen Chubak without a rebound.
3:46 of 2nd period - Matt Marquardt wins face-off versus Jim Slater in Bruins zone.
4:00 of 2nd period - Penalty to Patrick Bordeleau is over, Patrick Bordeleau is back on ice.
4:05 of 2nd period - Matt Marquardt is hit by Patrick Bordeleau and loses puck.
5:01 of 2nd period - Alexander Sulzer is hit by Kael Mouillierat and loses puck.
6:02 of 2nd period - Zenon Konopka is hit by Brandon Manning and loses puck.
6:11 of 2nd period - Wrist shot by John Albert.
6:11 of 2nd period - Stopped by Carsen Chubak with a rebound.
6:13 of 2nd period - Snap shot by John Albert.
6:13 of 2nd period - Shot Blocked by Raman Hrabarenka.
6:15 of 2nd period - Slapshot by Daniel New.
6:15 of 2nd period - Stopped by Carsen Chubak with a rebound.
8:17 of 2nd period - Slapshot by Tim Sestito.
8:17 of 2nd period - Shot Misses the Net.
8:47 of 2nd period - Matt Marquardt is hit by Dmitry Korobov and loses puck.
10:45 of 2nd period - Dmitry Korobov is hit by Kellan Lain.
10:49 of 2nd period - Jordan Owens is hit by Patrick Cehlin and loses puck.
11:08 of 2nd period - Wrist shot by Mike Angelidis.
11:08 of 2nd period - Shot Misses the Net.
11:10 of 2nd period - Snap shot by Mark Mancari.
11:10 of 2nd period - Shot Misses the Net.
11:18 of 2nd period - Slapshot by Adam Clendening.
11:18 of 2nd period - Stopped by Carsen Chubak with a rebound.
11:58 of 2nd period - Slapshot by Patrick Cehlin.
11:58 of 2nd period - Deflect By Ben Eager.
11:58 of 2nd period - Stopped by Jeff Deslauriers without a rebound.
11:59 of 2nd period - Matt Marquardt wins face-off versus Tim Sestito in Griffins zone.
12:28 of 2nd period - Snap shot by Stephane Veilleux.
12:28 of 2nd period - Shot Misses the Net.
13:08 of 2nd period - Wrist shot by Marc Hagel.
13:08 of 2nd period - Shot Misses the Net.
13:39 of 2nd period - Simon Moser is hit by Mark Mancari and loses puck.
13:54 of 2nd period - Icing by David Musil.
13:55 of 2nd period - Tim Sestito wins face-off versus Matt Marquardt in Griffins zone.
14:04 of 2nd period - Slapshot by Buddy Robinson.
14:04 of 2nd period - Shot Blocked by Daniel New.
14:06 of 2nd period - Wrist shot by Tim Sestito.
14:06 of 2nd period - Shot Misses the Net.
14:08 of 2nd period - Slapshot by Jake Newton.
14:08 of 2nd period - Shot Blocked by Daniel New.
14:10 of 2nd period - Wrist shot by Jake Newton.
14:10 of 2nd period - Shot Blocked by Daniel New.
14:12 of 2nd period - Wrist shot by Buddy Robinson.
14:12 of 2nd period - Deflect By Tim Sestito.
14:12 of 2nd period - Stopped by Jeff Deslauriers with a rebound.
14:14 of 2nd period - Slapshot by Dmitry Korobov.
14:14 of 2nd period - Shot Misses the Net.
14:25 of 2nd period - Minor Penalty to David Musil for Interference.
14:26 of 2nd period - Zenon Konopka wins face-off versus Kael Mouillierat in Griffins zone.
14:44 of 2nd period - Snap shot by Zenon Konopka.
14:44 of 2nd period - Goal by Zenon Konopka - Bruins : 0 - Griffins : 1.
14:45 of 2nd period - Jim Slater wins face-off versus Zenon Konopka in neutral zone.
15:54 of 2nd period - Derek Meech is hit by Kael Mouillierat and loses puck.
16:18 of 2nd period - Wrist shot by Derek Dorsett.
16:18 of 2nd period - Shot Misses the Net.
16:20 of 2nd period - Snap shot by Derek Dorsett.
16:20 of 2nd period - Stopped by Jeff Deslauriers with a rebound.
16:22 of 2nd period - Snap shot by Jim Slater.
16:22 of 2nd period - Shot Blocked by Brad Hunt.
16:25 of 2nd period - Penalty to David Musil is over, David Musil is back on ice.
16:36 of 2nd period - Patrick Cehlin is hit by Paul Thompson and loses puck.
16:49 of 2nd period - Snap shot by Stephane Veilleux.
16:49 of 2nd period - Shot Blocked by Buddy Robinson.
17:10 of 2nd period - Slapshot by Alexander Sulzer.
17:10 of 2nd period - Shot Misses the Net.
17:12 of 2nd period - Slapshot by Adam Clendening.
17:12 of 2nd period - Shot Blocked by Brandon Manning.
17:54 of 2nd period - Wrist shot by Scott Timmins.
17:54 of 2nd period - Shot Misses the Net.
17:56 of 2nd period - Wrist shot by Marc Hagel.
17:56 of 2nd period - Shot Blocked by Stephane Veilleux.
18:00 of 2nd period - Wrist shot by Brandon Alderson.
18:00 of 2nd period - Stopped by Jeff Deslauriers without a rebound.
18:01 of 2nd period - Kael Mouillierat wins face-off versus Mark Mancari in Griffins zone.
18:16 of 2nd period - Wrist shot by Patrick Bordeleau.
18:16 of 2nd period - Stopped by Jeff Deslauriers with a rebound.
18:18 of 2nd period - Snap shot by Simon Moser.
18:18 of 2nd period - Shot Misses the Net.
19:54 of 2nd period - Wrist shot by John Albert.
19:54 of 2nd period - Shot Misses the Net.
Goals for this period are 0 for Bruins vs 1 for Griffins.
Shots for this period are 5 for Bruins vs 9 for Griffins.

3rd period


0:01 of 3rd period - Zenon Konopka wins face-off versus Anton Lander in neutral zone.
0:22 of 3rd period - Zenon Konopka and Derek Dorsett fight to a draw.
0:22 of 3rd period - Penalty to Zenon Konopka for Fighting.
0:22 of 3rd period - Penalty to Derek Dorsett for Fighting.
0:22 of 3rd period - Penalty to Zenon Konopka for instigated a fight.
0:22 of 3rd period - Penalty to Zenon Konopka for instigated a fight.
0:23 of 3rd period - Kellan Lain wins face-off versus Anton Lander in Griffins zone.
1:15 of 3rd period - Alexander Sulzer is hit by Simon Moser and loses puck.
1:16 of 3rd period - Alexander Sulzer from Griffins is injured at 1:16 of 3rd period (Bruised Right Leg).
1:17 of 3rd period - Jim Slater wins face-off versus Kellan Lain in Griffins zone.
2:22 of 3rd period - Penalty to Zenon Konopka is over, Ben Eager is send on ice.
2:35 of 3rd period - Stephane Veilleux is hit by Patrick Bordeleau and loses puck.
2:46 of 3rd period - Wrist shot by Stephane Veilleux.
2:46 of 3rd period - Stopped by Carsen Chubak with a rebound.
3:34 of 3rd period - Derek Meech is hit by Buddy Robinson and loses puck.
3:43 of 3rd period - Slapshot by Adam Clendening.
3:43 of 3rd period - Stopped by Carsen Chubak with a rebound.
3:49 of 3rd period - Mike Angelidis is hit by Raman Hrabarenka and loses puck.
4:08 of 3rd period - Slapshot by Jim Slater.
4:08 of 3rd period - Shot Blocked by Mike Angelidis.
4:10 of 3rd period - Slapshot by Magnus Nygren.
4:10 of 3rd period - Shot Blocked by Mike Angelidis.
4:12 of 3rd period - Wrist shot by Jim Slater.
4:12 of 3rd period - Goal by Jim Slater - Bruins : 1 - Griffins : 1.
4:13 of 3rd period - Kellan Lain wins face-off versus Simon Moser in neutral zone.
4:15 of 3rd period - Dmitry Korobov beats up Kellan Lain.
4:15 of 3rd period - Penalty to Kellan Lain for Fighting.
4:15 of 3rd period - Penalty to Dmitry Korobov for Fighting.
4:15 of 3rd period - Penalty to Dmitry Korobov for instigated a fight.
4:15 of 3rd period - Penalty to Dmitry Korobov for instigated a fight.
4:16 of 3rd period - Paul Thompson wins face-off versus Jim Slater in Bruins zone.
4:23 of 3rd period - Slapshot by Adam Clendening.
4:23 of 3rd period - Stopped by Carsen Chubak with a rebound.
4:25 of 3rd period - Snap shot by John Albert.
4:25 of 3rd period - Shot Misses the Net.
4:27 of 3rd period - Slapshot by Adam Clendening.
4:27 of 3rd period - Deflect By Jim Slater.
4:27 of 3rd period - Stopped by Carsen Chubak with a rebound.
4:29 of 3rd period - Wrist shot by John Albert.
4:29 of 3rd period - Stopped by Carsen Chubak with a rebound.
4:31 of 3rd period - Slapshot by Adam Clendening.
4:31 of 3rd period - Shot Misses the Net.
4:33 of 3rd period - Slapshot by John Albert.
4:33 of 3rd period - Goal by John Albert - Bruins : 1 - Griffins : 2.
4:34 of 3rd period - John Albert wins face-off versus Jim Slater in neutral zone.
4:41 of 3rd period - Snap shot by Ben Eager.
4:41 of 3rd period - Shot Blocked by Conor Allen.
5:33 of 3rd period - Minor Penalty to Brandon Manning for Hooking.
5:34 of 3rd period - Matt Marquardt wins face-off versus Jim Slater in Bruins zone.
5:36 of 3rd period - Snap shot by Mark Mancari.
5:36 of 3rd period - Shot Misses the Net.
7:15 of 3rd period - Derek Meech is hit by Derek Dorsett and loses puck.
7:33 of 3rd period - Penalty to Brandon Manning is over, Brandon Manning is back on ice.
8:06 of 3rd period - Minor Penalty to Patrick Cehlin for Holding.
8:07 of 3rd period - Jim Slater wins face-off versus Paul Thompson in Bruins zone.
9:15 of 3rd period - Penalty to Dmitry Korobov is over, Brandon Alderson is send on ice.
9:45 of 3rd period - Patrick Bordeleau is hit by Adam Clendening and loses puck.
10:06 of 3rd period - Penalty to Patrick Cehlin is over, Patrick Cehlin is back on ice.
10:10 of 3rd period - Slapshot by Douglas Murray.
10:10 of 3rd period - Stopped by Carsen Chubak with a rebound.
10:12 of 3rd period - Backhand shot by David Musil.
10:12 of 3rd period - Deflect By Stephane Veilleux.
10:12 of 3rd period - Stopped by Carsen Chubak with a rebound.
10:14 of 3rd period - Slapshot by Douglas Murray.
10:14 of 3rd period - Stopped by Carsen Chubak with a rebound.
10:16 of 3rd period - Slapshot by Douglas Murray.
10:16 of 3rd period - Stopped by Carsen Chubak with a rebound.
10:18 of 3rd period - Slapshot by Kellan Lain.
10:18 of 3rd period - Stopped by Carsen Chubak with a rebound.
10:33 of 3rd period - Slapshot by Douglas Murray.
10:33 of 3rd period - Stopped by Carsen Chubak with a rebound.
10:35 of 3rd period - Wrist shot by Jordan Owens.
10:35 of 3rd period - Stopped by Carsen Chubak with a rebound.
10:37 of 3rd period - Slapshot by Daniel New.
10:37 of 3rd period - Stopped by Carsen Chubak without a rebound.
10:38 of 3rd period - Kellan Lain wins face-off versus Tim Sestito in Bruins zone.
11:37 of 3rd period - Brad Hunt is hit by Raman Hrabarenka and loses puck.
11:52 of 3rd period - Snap shot by Scott Timmins.
11:52 of 3rd period - Shot Misses the Net.
11:54 of 3rd period - Snap shot by Jake Newton.
11:54 of 3rd period - Shot Misses the Net.
12:10 of 3rd period - Douglas Murray is hit by Scott Timmins and loses puck.
12:23 of 3rd period - Wrist shot by Derek Dorsett.
12:23 of 3rd period - Stopped by Jeff Deslauriers without a rebound.
12:24 of 3rd period - Kellan Lain wins face-off versus Jim Slater in Griffins zone.
13:02 of 3rd period - Snap shot by Buddy Robinson.
13:02 of 3rd period - Stopped by Jeff Deslauriers with a rebound.
13:21 of 3rd period - Snap shot by Patrick Bordeleau.
13:21 of 3rd period - Shot Blocked by David Musil.
13:23 of 3rd period - Slapshot by Jake Newton.
13:23 of 3rd period - Deflect By Kael Mouillierat.
13:23 of 3rd period - Shot Misses the Net.
13:23 of 3rd period - Puck is out of play.
13:24 of 3rd period - Kael Mouillierat wins face-off versus Jordan Owens in Griffins zone.
13:58 of 3rd period - Off-side.
13:59 of 3rd period - Scott Timmins wins face-off versus Matt Marquardt in neutral zone.
14:33 of 3rd period - Slapshot by Marc Hagel.
14:33 of 3rd period - Stopped by Jeff Deslauriers without a rebound.
14:34 of 3rd period - Jim Slater wins face-off versus Stephane Veilleux in Griffins zone.
14:45 of 3rd period - Wrist shot by Derek Dorsett.
14:45 of 3rd period - Shot Misses the Net.
14:47 of 3rd period - Wrist shot by Brandon Manning.
14:47 of 3rd period - Stopped by Jeff Deslauriers without a rebound.
14:48 of 3rd period - Jim Slater wins face-off versus Matt Marquardt in Griffins zone.
15:17 of 3rd period - Paul Thompson is hit by Derek Dorsett and loses puck.
15:22 of 3rd period - 10 Minutes Misconduct Penalty to Zenon Konopka is over.
15:30 of 3rd period - Slapshot by Derek Meech.
15:30 of 3rd period - Deflect By Simon Moser.
15:30 of 3rd period - Stopped by Carsen Chubak with a rebound.
15:36 of 3rd period - Wrist shot by Patrick Bordeleau.
15:36 of 3rd period - Stopped by Jeff Deslauriers without a rebound.
15:37 of 3rd period - Kael Mouillierat wins face-off versus Ben Eager in Griffins zone.
15:45 of 3rd period - Off-side.
15:46 of 3rd period - Zenon Konopka wins face-off versus Tim Sestito in neutral zone.
15:59 of 3rd period - Slapshot by Buddy Robinson.
15:59 of 3rd period - Shot Misses the Net.
16:01 of 3rd period - Slapshot by Jake Newton.
16:01 of 3rd period - Deflect By Patrick Cehlin.
16:01 of 3rd period - Stopped by Jeff Deslauriers with a rebound.
16:03 of 3rd period - Backhand shot by Tim Sestito.
16:03 of 3rd period - Shot Misses the Net.
16:05 of 3rd period - Wrist shot by Buddy Robinson.
16:05 of 3rd period - Stopped by Jeff Deslauriers with a rebound.
16:07 of 3rd period - Wrist shot by Buddy Robinson.
16:07 of 3rd period - Stopped by Jeff Deslauriers without a rebound.
16:08 of 3rd period - Matt Marquardt wins face-off versus Kael Mouillierat in Griffins zone.
16:24 of 3rd period - Snap shot by Patrick Bordeleau.
16:24 of 3rd period - Stopped by Jeff Deslauriers with a rebound.
16:26 of 3rd period - Slapshot by Kael Mouillierat.
16:26 of 3rd period - Stopped by Jeff Deslauriers with a rebound.
16:28 of 3rd period - Snap shot by Patrick Bordeleau.
16:28 of 3rd period - Deflect By Adam Clendening.
16:28 of 3rd period - Shot Misses the Net.
16:28 of 3rd period - Puck is out of play.
16:29 of 3rd period - Jim Slater wins face-off versus Stephane Veilleux in Griffins zone.
16:44 of 3rd period - Snap shot by Zenon Konopka.
16:44 of 3rd period - Shot Blocked by Anton Lander.
16:46 of 3rd period - Slapshot by Derek Meech.
16:46 of 3rd period - Stopped by Carsen Chubak with a rebound.
17:26 of 3rd period - Minor Penalty to Patrick Bordeleau for Holding.
17:27 of 3rd period - Ben Eager wins face-off versus Jim Slater in Bruins zone.
17:33 of 3rd period - Wrist shot by Adam Clendening.
17:33 of 3rd period - Shot Blocked by Jim Slater.
17:35 of 3rd period - Snap shot by Ben Eager.
17:35 of 3rd period - Stopped by Carsen Chubak with a rebound.
17:37 of 3rd period - Snap shot by Adam Clendening.
17:37 of 3rd period - Deflect By John Albert.
17:37 of 3rd period - Stopped by Carsen Chubak with a rebound.
17:39 of 3rd period - Slapshot by David Musil.
17:39 of 3rd period - Shot Blocked by Anton Lander.
17:41 of 3rd period - Snap shot by Adam Clendening.
17:41 of 3rd period - Deflect By Jim Slater.
17:41 of 3rd period - Goal by Adam Clendening - Bruins : 1 - Griffins : 3.
17:42 of 3rd period - Kael Mouillierat wins face-off versus Matt Marquardt in neutral zone.
17:57 of 3rd period - Slapshot by Adam Clendening.
17:57 of 3rd period - Shot Hit the Post.
17:59 of 3rd period - Slapshot by David Musil.
17:59 of 3rd period - Shot Blocked by Conor Allen.
18:01 of 3rd period - Slapshot by Adam Clendening.
18:01 of 3rd period - Shot Misses the Net.
18:05 of 3rd period - Snap shot by Mark Mancari.
18:05 of 3rd period - Stopped by Carsen Chubak with a rebound.
18:07 of 3rd period - Snap shot by Matt Marquardt.
18:07 of 3rd period - Deflect By Mark Mancari.
18:07 of 3rd period - Shot Blocked by Magnus Nygren.
18:07 of 3rd period - Puck is out of play.
18:08 of 3rd period - Zenon Konopka wins face-off versus Jim Slater in Bruins zone.
18:43 of 3rd period - Wrist shot by Zenon Konopka.
18:43 of 3rd period - Stopped by Carsen Chubak without a rebound.
18:44 of 3rd period - Matt Marquardt wins face-off versus Kael Mouillierat in Bruins zone.
19:15 of 3rd period - 10 Minutes Misconduct Penalty to Dmitry Korobov is over.
Goals for this period are 1 for Bruins vs 2 for Griffins.
Shots for this period are 11 for Bruins vs 21 for Griffins.


Output by the SimonT Hockey Simulator (STHS) for Eric Dolegowski -- Original Page W3C XHTML 1.0 Valid
Hockey Simulator - Hockey Simulation - Hockey Manager